[Event "10th Menchik Memorial 2025"]
[Site "London"]
[Date "2025.03.20"]
[Round "1.1"]
[White "Van Foreest, Machteld"]
[Black "Yao, Lan"]
[Result "0-1"]
[Annotator "TA"]
[ECO "B35"]
[WhiteElo "2352"]
[BlackElo "2294"]
[PlyCount "112"]
[EventDate "2025.03.11"]
[EventType "tourn"]
[EventCountry "ENG"]
[SourceTitle "playchess.com"]
[Source "ChessBase"]
[SourceQuality "1"]
[TimeControl "5400+30"]

1. e4 c5 2. Nf3 Nc6 3. Nc3 g6 4. d4 cxd4 5. Nxd4 Bg7 6. Be3 Nf6 7. Bc4 O-O 8. f3 Qb6 9. Qd2 Nxe4 10. fxe4 Bxd4 11. Bxd4 Qxd4 12. Qxd4 Nxd4 13. O-O-O Nc6 14. Nd5 Rb8 {[%emt 0:08:06] B35: Sicilian: Accelerated Dragon with 5 Nc3: main line.} 15. a4 Kg7 16. Rhf1 a6 {[%emt 0:12:58] Black is better.} 17. Nb6 Ne5 $146 (17... d6 18. Rf2 Ne5 19. Bd5 Bd7 20. Rdf1 Bc6 21. h3 a5 22. Kb1 e6 23. Bb3 Bxe4 {0-1 Gella Bitrian,D (2033)-Dominguez Bujeda,J (2135) Aragon-chT Honor Descenso 2015 (10.22)}) 18. Bb3 d6 19. Nd5 Nc6 20. Nb6 Be6 21. Bxe6 fxe6 22. Kd2 Ne5 23. h3 g5 24. Ke3 h5 25. b3 Kg6 26. c4 h4 27. b4 {[%emt 0:01:39] White does not recover from this.} (27. Rxf8 $17 {is a better defense.} Rxf8 28. c5) 27... g4 $19 28. hxg4 Kg5 (28... Nxg4+ 29. Ke2 $17) 29. c5 Rxf1 (29... Kxg4 30. Rxf8 Rxf8 31. cxd6 exd6 32. Rxd6 $19) (29... Nxg4+ 30. Ke2 Rxf1 31. Rxf1 $17) 30. Rxf1 dxc5 (30... Kxg4 31. cxd6 exd6 32. Rf6 $19) (30... Nxg4+ 31. Ke2 Ne5 32. Rc1 $19) 31. bxc5 {[%emt 0:00:05][%mdl 4096] Endgame KRN-KRN} Rd8 (31... Kxg4 32. Kd4 Nc6+ 33. Ke3 $19) (31... Nxg4+ 32. Ke2 $19) 32. Rc1 Rd3+ (32... Kxg4 $2 33. Nc4 Ng6 (33... Rd3+ $2 34. Ke2 $18) 34. Rb1 $19) 33. Ke2 Rg3 (33... Kxg4 $2 {loses.} 34. Nc4 Rg3 35. Nxe5+ $18) 34. Kf1 Rxg4 (34... Nxg4 35. Nc4 $17) 35. Nc4 Nd3 (35... Rxe4 36. Nxe5 Rxe5 37. c6 bxc6 38. Rxc6 $17) 36. Rc3 Nxc5 (36... Rxe4 37. Rxd3 Rf4+ (37... Rxc4 38. Rb3 $19) 38. Kg1 Rxc4 39. Rb3 $19) 37. Ne5 Nxe4 ({Less strong is} 37... Nxa4 38. Rc7 Rxe4 39. Nf3+ Kf6 40. Rxb7 $19) 38. Rc7 Ng3+ 39. Kf2 Rxa4 40. Nf3+ Kf6 41. Rxb7 Nf5 42. Rb6 a5 43. Ra6 Ra2+ 44. Kg1 a4 45. Kh2 Ra1 46. Nd2 Nd4 47. Kh3 Kg5 {[%emt 0:01:15][%cal Ra1h1] [#]} 48. Ne4+ Kf4 49. Nf2 {[%emt 0:00:01] Dodges Rh1+} a3 {[%emt 0:01:03] and ...e5 should not be overlooked} 50. Nd3+ Ke3 51. Nb4 Kd2 52. Kxh4 Kc3 53. Nc6 a2 (53... Nxc6 $142 54. Rxc6+ Kd3) 54. Nxd4 Kxd4 55. Ra4+ Kc3 56. Kg5 Kb3 {[%emt 0:00:12] Weighted Error Value: White=0.46/Black=0.16 (very precise)   Mistake:       	White=1     	---        Inaccurate:     	White=3     	---        OK:         	White=8     	Black=20} 0-1

[Event "10th Menchik Memorial 2025"]
[Site "London"]
[Date "2025.03.20"]
[Round "1.2"]
[White "Navrotescu, Andreea"]
[Black "Mirzoeva, Elmira"]
[Result "1/2-1/2"]
[Annotator "NA RC"]
[ECO "B12"]
[WhiteElo "2288"]
[BlackElo "2272"]
[PlyCount "146"]
[EventDate "2025.03.11"]
[EventType "tourn"]
[EventCountry "ENG"]
[SourceTitle "playchess.com"]
[Source "ChessBase"]
[SourceQuality "1"]
[TimeControl "5400+30"]

1. e4 c6 2. d4 d5 3. e5 Bf5 4. h4 a6 5. g4 Bd7 6. h5 {[%emt 0:13:12] [#] B12: Caro-Kann: Advance Variation.} c5 $1 7. Be2 (7. dxc5 $11 Nc6 8. Nc3 (8. Qxd5 e6 $11)) 7... cxd4 8. Qxd4 Qc7 9. Nc3 e6 10. Nf3 Nc6 11. Qf4 h6 {[%emt 0:06:54] [#]} (11... Bb4 $11) 12. Nxd5 $1 exd5 {[%emt 0:08:39] [#]} 13. e6 $1 Qxf4 14. exd7+ Kxd7 15. Bxf4 Re8 16. Be3 Nf6 17. Rg1 Kc7 18. O-O-O Bd6 19. c3 Ne4 (19... g5 $11) 20. Rge1 $11 ({Much worse is} 20. Rxd5 $6 Nxf2 21. Bxf2 Rxe2 $11) ({Better is} 20. Bf1 $16) 20... Rd8 (20... Nf6 $14) 21. Nd4 Nxd4 $1 22. Bxd4 ({Much worse is} 22. cxd4 Rhe8 $11) 22... Bf4+ 23. Kc2 f6 ({Better is} 23... Rhe8) 24. Bf3 Rhe8 25. c4 Be5 26. cxd5 Bxd4 27. Rxd4 Nd6 28. Rxe8 Rxe8 29. Kd2 Re5 30. Rd3 Kb6 31. b4 Kc7 32. Kc3 Nb5+ 33. Kc4 Nd6+ 34. Kb3 Kd7 35. a4 Kc7 36. Rc3+ Kd7 37. a5 Re1 38. Rc2 Nb5 39. Rd2 Rb1+ 40. Kc4 Nd6+ 41. Kc5 Rc1+ 42. Kd4 Rc4+ 43. Kd3 Rxb4 44. Ra2 Rb3+ 45. Ke2 Nb5 46. Rd2 Kd6 47. g5 hxg5 48. Bg4 Nc3+ 49. Kf1 Ne4 50. Rc2 Nc5 51. Re2 Rb4 52. Bf5 Rf4 53. Bg6 g4 54. Kg2 f5 55. Re8 Nd3 56. Re3 Ne5 57. Kg3 Nxg6 58. Re6+ Kxd5 59. Rxg6 Rf3+ 60. Kh4 Rxf2 61. Rxg7 Rh2+ 62. Kg5 Ke4 63. Re7+ Kf3 64. Rxb7 g3 65. Rb3+ Kg2 66. Kxf5 Rxh5+ 67. Kg4 Rxa5 68. Rb2+ Kf1 69. Kxg3 Rb5 70. Rxb5 axb5 71. Kf3 Ke1 72. Ke3 Kd1 73. Kd3 Kc1 1/2-1/2

[Event "10th Menchik Memorial 2025"]
[Site "London"]
[Date "2025.03.20"]
[Round "1.3"]
[White "Toma, Katarzyna"]
[Black "Unuk, Laura"]
[Result "1-0"]
[Annotator "TA"]
[ECO "B22"]
[WhiteElo "2177"]
[BlackElo "2301"]
[PlyCount "111"]
[EventDate "2025.03.11"]
[EventType "tourn"]
[EventCountry "ENG"]
[SourceTitle "playchess.com"]
[Source "ChessBase"]
[SourceQuality "1"]
[TimeControl "5400+30"]

1. e4 e6 2. d4 d5 3. Bd3 c5 4. exd5 exd5 5. Nf3 c4 6. Be2 Bd6 7. O-O Ne7 8. b3 cxb3 9. axb3 O-O 10. c4 Nbc6 11. Nc3 {[%emt 0:00:32] B22: Sicilian: 2 c3.} Bf5 12. Bg5 f6 13. Be3 {[%emt 0:01:35] White is slightly better.} Kh8 14. Qd2 $146 (14. Nxd5 Nxd5 15. cxd5 Nb4 $11) (14. cxd5 Nb4 $11) (14. Nh4 {seems wilder.} Be6 15. Bd3 Bb4 16. Qh5) (14. c5 Bc7 15. Qd2 Ng6 16. Ra4 Qd7 17. b4 a6 18. Rfa1 Rae8 19. b5 axb5 20. Nxb5 {0-1 Mihalj,M (2294)-Lalic,B (2515) Zadar op 2004 (8.11)}) 14... a6 15. Qb2 (15. Nxd5 Nxd5 16. cxd5 Nb4 $15) 15... Nb4 16. c5 Bc7 17. Ra4 Nec6 18. Qd2 g5 19. Ne1 Qd7 20. Nd3 Nxd3 21. Bxd3 Ne7 (21... Ba5 $11 {keeps the balance.}) 22. b4 $16 Bxd3 23. Qxd3 Ng6 24. b5 Nh4 {[%emt 0:09:08] [#]} 25. f3 {[%emt 0:00:16] Prevents Qg4} (25. bxa6 Qg4 26. g3 Qh3) 25... axb5 {[%emt 0:02:44] [#]} 26. Rxa8 Rxa8 27. Qxb5 Qc6 ({Better is} 27... Qe6 28. Bd2 (28. Qxb7 $2 Qxe3+ 29. Kh1 Re8 $19) (28. Bf2 Nxf3+ 29. Kh1 Nxh2 $15) 28... Rb8) 28. Rb1 Ra3 $2 {[%emt 0:01:18] A mistake that costs the game.} (28... Ba5 $16) 29. Qb4 (29. Qxb7 $2 Qxb7 30. Rxb7 Rxc3 $19) 29... Qa6 (29... Qe6 30. Bf2 (30. Qxa3 Qxe3+ 31. Kf1 Qd3+ 32. Ke1 Nxg2+ 33. Kf2 Nh4 $17) 30... Nxf3+ 31. Kh1 (31. gxf3 Qh3 $16) 31... Ra8 32. Qxb7 (32. gxf3 Qh3 $17) 32... Rb8 33. Qxc7 Rxb1+ 34. Nxb1 Qe2) 30. c6 $18 (30. Qxb7 $2 Qxb7 31. Rxb7 Rxc3 $19) (30. Nxd5 Ra2 31. Bf2 (31. Nxc7 Qe2) 31... Bxh2+ (31... Rxf2 $2 32. Kxf2 Qa2+ 33. Rb2 $18) 32. Kh1 (32. Kxh2 Nxf3+ 33. Kg3 Qe2 $15) 32... Rxf2 $16) 30... Kg8 {[%emt 0:02:57] Prevents Qf8+} 31. cxb7 ({Not} 31. Qxb7 Qxb7 32. cxb7 Rxc3 $11) 31... Bb8 32. Bf2 Ra1 33. Nxd5 $2 (33. Bg3 Ba7 34. b8=R+ (34. b8=Q+ Bxb8 35. Qxb8+ Kg7 $18) 34... Bxb8 35. Qxb8+ Kg7 36. Bxh4 (36. Nxd5 $2 {too greedy.} Qa2 $19) 36... Rxb1+ 37. Qxb1 gxh4 38. Kf2 (38. Nxd5 Qc4 $18)) 33... Rxb1+ $2 (33... Qd6 34. Rxa1 (34. Nxf6+ $2 Kh8 $19) 34... Qxh2+ 35. Kf1 Qxg2+ 36. Ke2 Qxf3+ 37. Kd2 Qxf2+ 38. Kc3 Nf5 39. Ne7+ (39. Nxf6+ Kg7 $18) 39... Nxe7 40. Qxe7 Qf3+ 41. Kb4 Qd5) 34. Qxb1 Qd6 35. Qe4 {[%emt 0:02:00] Bg3 is the strong threat.} (35. Bg3 Qxd5 36. Kh1 (36. Bxb8 Qxd4+ 37. Kh1 Qf2 $14) 36... Qxd4 $14) 35... Qxh2+ 36. Kf1 Qd6 {[%emt 0:00:42] Repels Qe6+} 37. Bxh4 gxh4 {[%emt 0:00:17][%mdl 4096] Endgame KQB-KQN. White is a pawn up.} 38. Qe8+ {[%emt 0:01:00] White mates.} Kg7 39. Qe7+ Kg6 40. Qxd6 Bxd6 {[%emt 0:00:03] KB-KN. White is a pawn up.} 41. Nb6 Kf5 42. Nd7 Ke6 43. b8=Q Bxb8 44. Nxb8 {[%emt 0:00:04] KN-K3P} Kd5 45. Nd7 f5 46. Nf6+ Kxd4 47. Nxh7 {[%emt 0:00:41] KN-KPP} Ke3 48. Ng5 Kf4 49. Nh3+ Kg3 50. Ng1 Kh2 51. Kf2 Kh1 52. Ne2 Kh2 53. Nd4 f4 54. Ne6 h3 55. gxh3 Kxh3 56. Nxf4+ {[%emt 0:00:07] Weighted Error Value: White=0.15 (very precise) /Black=0.88  Loses game:     	---       	Black=1      Mistake:       	---       	Black=3      Inaccurate:     	---       	Black=2      OK:         	White=9     	Black=7      Best:        	White=1     	---} 1-0

[Event "10th Menchik Memorial 2025"]
[Site "London"]
[Date "2025.03.20"]
[Round "1.4"]
[White "Zimina, Olga"]
[Black "Schulze, Lara"]
[Result "1/2-1/2"]
[Annotator "TA"]
[ECO "D05"]
[WhiteElo "2293"]
[BlackElo "2313"]
[PlyCount "88"]
[EventDate "2025.03.11"]
[EventType "tourn"]
[EventCountry "ENG"]
[SourceTitle "playchess.com"]
[Source "ChessBase"]
[SourceQuality "1"]
[TimeControl "5400+30"]

1. d4 Nf6 2. Nf3 e6 3. e3 d5 4. Bd3 c5 5. b3 Nc6 6. Bb2 b6 {[%emt 0:03:18] 6...cxd4 is the modern continuation. D05: Colle System with ...e6.} 7. a3 Bb7 8. O-O Bd6 9. Nbd2 O-O 10. Qe2 cxd4 11. exd4 Rc8 12. Ne5 Ne7 13. f4 Rc7 14. Rae1 Qa8 15. Rf2 Nc8 $146 ({Black should try} 15... Qc8 $11) (15... Qc8 16. Qd1 Qa8 17. Qf3 b5 18. g4 Rfc8 19. c3 Ne4 20. Nxe4 dxe4 21. Bxe4 Bxe4 22. Qxe4 Qxe4 23. Rxe4 {½-½ Ratkovic,M (2451)-Kosic,D (2445) Arandjelovac GM 1st 2021 (2)}) 16. g4 {[%emt 0:01:52][%cal Bg2g4,Bg4g5][%mdl 32] White is more active.} Be7 17. g5 Ne4 18. Nxe4 dxe4 19. Bxe4 Bxe4 20. Qxe4 Qxe4 21. Rxe4 Nd6 22. Re1 b5 23. Nd3 Rfc8 24. Ree2 Nf5 25. d5 exd5 26. Re5 Nd6 (26... g6 $11) 27. Rfe2 Bf8 28. Rxd5 {[%emt 0:04:58] and Be5 should not be overlooked} Rxc2 29. Rxc2 Rxc2 30. Be5 Ne4 31. Rd8 f6 32. Bd4 Kf7 33. gxf6 gxf6 34. f5 (34. Bxa7 $11 Rc3 (34... Bxa3 35. b4 $17) 35. a4) 34... Ng5 (34... Be7 $17 35. Rd5 Ke8 (35... Bxa3 36. Bxa7 b4 37. Be3 $11)) 35. Bxa7 Nf3+ 36. Kf1 Nxh2+ 37. Kg1 Nf3+ 38. Kf1 {[%emt 0:00:02] The position is equal.} Bxa3 39. Rd7+ Ke8 40. Rxh7 Bd6 41. b4 Nh2+ 42. Kg1 Nf3+ 43. Kf1 Nh2+ 44. Kg1 Nf3+ {[%emt 0:00:37] Weighted Error Value: White=0.09 (flawless) /Black=0.14 (very precise)   Mistake:       	White=1     	Black=3      Inaccurate:     	White=5     	Black=1      OK:         	White=10    	Black=13     Best:        	White=4     	Black=2} 1/2-1/2

[Event "10th Menchik Memorial 2025"]
[Site "London"]
[Date "2025.03.20"]
[Round "1.5"]
[White "Sliwicka, Alicja"]
[Black "Hunt, Harriet V"]
[Result "1-0"]
[Annotator "TA"]
[ECO "B28"]
[WhiteElo "2342"]
[BlackElo "2296"]
[PlyCount "75"]
[EventDate "2025.03.11"]
[EventType "tourn"]
[EventCountry "ENG"]
[SourceTitle "playchess.com"]
[Source "ChessBase"]
[SourceQuality "1"]
[TimeControl "5400+30"]

1. e4 c5 2. Nf3 a6 3. c3 e6 4. d4 d5 5. e5 Bd7 6. Bd3 Nc6 {[%emt 0:07:39] B28: Sicilian: 2 Nf3 a6 (O'Kelly Variation).} 7. O-O cxd4 8. Re1 dxc3 {[%emt 0:15:07] Black is slightly better.} 9. Nxc3 Be7 10. Be3 $146 (10. a3 g5 11. b4 g4 12. Nd2 h5 13. Bb2 Rh6 14. Nb3 Kf8 15. Ne2 f6 16. Nf4 Nxe5 17. Bxe5 fxe5 {1-0 Carlstrom,N (2095)-Ziegler,A (2327) Deltalift op 2022 (7)}) 10... Qa5 ({Black should try} 10... g5 $15) 11. a3 {[%emt 0:02:02][%mdl 1024] White has compensation.} Rc8 12. Ne2 h5 13. Ned4 Nh6 14. h3 Nxd4 15. Nxd4 {[%emt 0:01:36] A sharp opening} g6 16. b4 {[%emt 0:03:50] White sacrificed a pawn} Qd8 17. Qd2 Nf5 18. Nxf5 gxf5 19. a4 {[%emt 0:00:18] Wards off Bb5} d4 20. Bf4 Rc3 21. Bf1 Qb6 {[%emt 0:03:30] [#]} (21... Rb3 $11 {remains equal.} 22. b5 axb5 23. axb5 Bxb5) 22. b5 $1 $16 {[%emt 0:05:49] Black is now going downhill.} Bc5 (22... Qc5 23. Red1) 23. Red1 Bc8 (23... Qc7 $16) 24. Bg5 $18 Rg8 25. Rac1 Rxc1 26. Qxc1 {[%emt 0:01:35][%cal Oa4a5] [#]} (26. Rxc1 axb5 27. Bxb5+ Bd7 $18) 26... Bd7 27. Bf6 (27. a5 Qc7 $16 (27... Qxa5 $2 28. Qxc5 Rxg5 29. Rxd4 $18)) 27... axb5 28. axb5 (28. a5 Qc6 29. g3 b4 $17) 28... Be7 $2 (28... Bxb5 $2 {is the wrong capture.} 29. Bxb5+ Qxb5 30. Rxd4 $18) (28... Rg6 {keeps fighting.} 29. Qc4 Qc7 30. Rxd4 Qc8) 29. Bxe7 {[%emt 0:00:25] White is clearly winning.} Kxe7 30. Qa3+ Kd8 31. Rc1 Re8 32. h4 Bc8 33. Qg3 Ke7 34. Qg5+ Kf8 35. Qh6+ Kg8 36. Rd1 {[%emt 0:00:35][%cal Od1d3] Hoping for Rd3!.} Qd8 37. Rd3 f4 {[%emt 0:00:06] Prevents Rg3+.} 38. Qxf4 {[%emt 0:00:15] Weighted Error Value: White=0.07 (flawless) /Black=0.54  Mistake:       	---       	Black=4      Inaccurate:     	White=4     	Black=2      OK:         	White=9     	Black=9      Best:        	White=1     	---        Brilliant:      	White=1     	---} 1-0